 Dungeon Crawl Stone Soup version 0.25-a0-647-gd602d06ee1 (webtiles) character file.

Game seed: 8001069048545844909, levelgen mode: deterministic

180615 ipx the Carver (level 17, 0/106 HPs)
             Began as a Gargoyle Arcane Marksman on Mar 21, 2020.
             Was a High Priest of Okawaru.
             Blown up by an eye of devastation (28 damage)
             ... with a bolt of energy
             ... on level 1 of the Pits of Slime.
             The game lasted 04:37:45 (14651 turns).

ipx the Carver (Gargoyle Arcane Marksman)          Turns: 14651, Time: 04:37:46

Health: 0/106      AC: 40    Str: 22    XL:     17   Next: 58%
Magic:  2/24       EV: 18    Int: 16    God:    Okawaru [*****.]
Gold:   290        SH: 15    Dex: 13    Spells: 3/24 levels left

rFire    + + +     SeeInvis .   a - +5 scimitar (vamp)
rCold    + . .     Gourm    .   M - +1 kite shield of Parlour Games {Regen+ rCorr}
rNeg     + . .     Faith    .   G - +4 ring mail "Erir" {*Drain rF+++ Str+6}
rPois    ∞         Spirit   .   h - +0 helmet
rElec    +         Reflect  .   r - scarf {repulsion}
rCorr    +         Harm     .   x - +2 pair of gloves {archery}
MR       +....                  R - +2 pair of boots
Stlth    ++++......             K - amulet of the acrobat
HPRegen  0.67/turn              c - ring of protection from cold
MPRegen  0.19/turn              O - ring of Robustness {AC+8}

@: heroism, flying, repel missiles
A: big wings, negative energy resistance 1, electricity resistance, unbreathing,
petrification resistance, rot immunity, AC +12
}: 2/15 runes: serpentine, barnacled
a: Stop Flying, Heroism, Finesse, Renounce Religion


You were on level 1 of the Pits of Slime.
You worshipped Okawaru.
Okawaru was extremely pleased with you.
You were not hungry.

You visited 7 branches of the dungeon, and saw 34 of its levels.
You also visited: Ice Cave.

You collected 2529 gold pieces.
You spent 2239 gold pieces at shops.

Inventory:

Hand Weapons
 a - a +5 vampiric scimitar (weapon)
 b - the +9 hand crossbow "Ahats" {freeze, rC++ MR+ Str-3 Int+4}
   (Okawaru gifted it to you on level 2 of the Orcish Mines)

   It causes projectiles fired from it to freeze those they strike, causing
   extra injury to most foes and up to half again as much damage against
   particularly susceptible opponents.
   They can also slow down cold-blooded creatures.
   It affects your strength (-3).
   It affects your intelligence (+4).
   It greatly protects you from cold.
   It affects your resistance to hostile enchantments.
 w - a +3 quick blade
 U - the +9 heavy crossbow "Sniper" {vorpal, Acc+∞ SInv}
   (You found it on level 4 of the Snake Pit)

   Any bolt fired from it inflicts extra damage.
   It lets you see invisible.
Missiles
 d - 350 bolts
 V - 6 throwing nets
 W - 3 curare-tipped darts (quivered)
Armour
 h - a +0 helmet (worn)
 p - a scarf of spirit shield
 r - a scarf of repulsion (worn)
 x - a +2 pair of gloves of archery (worn)
 z - a +3 plate armour of fire resistance
 G - the +4 ring mail "Erir" (worn) {*Drain rF+++ Str+6}
   (You bought it in a shop on level 6 of the Dungeon)

   It affects your strength (+6).
   It renders you almost immune to fire.
   It causes draining when unequipped.
 L - a +1 pair of gloves of strength
 M - the +1 kite shield of Parlour Games (worn) {Regen+ rCorr}
   (You found it on level 12 of the Dungeon)

   It increases your rate of regeneration.
   It provides partial protection from all sources of acid and corrosion.
 R - a +2 pair of boots (worn)
 Y - a +1 cloak
 Z - the +1 scale mail of the Moon {rPois rC+ MR+, unknown}
   (Okawaru gifted it to you on level 4 of the Shoals)

   It protects you from cold.
   It protects you from poison.
   It affects your resistance to hostile enchantments.
Jewellery
 c - a ring of protection from cold (left hand)
 C - an uncursed ring of protection from cold
 K - an amulet of the acrobat (around neck)
 O - the ring of Robustness (right hand) {AC+8}
   (You found it in an ice cave)

   [ring of protection]

   It affects your AC (+8).
 S - an uncursed ring of stealth
Wands
 o - a wand of paralysis (26)
 q - a wand of iceblast (10)
 s - a wand of digging (3)
 F - a wand of disintegration (21)
 I - a wand of flame (45)
 X - a wand of polymorph (5)
Scrolls
 k - 5 scrolls of fear
 l - 3 scrolls of blinking
 m - 9 scrolls of remove curse
 u - a scroll of enchant armour
 v - 5 scrolls of amnesia
 y - 2 scrolls of fog
 D - 3 scrolls of vulnerability
 H - 2 scrolls of noise
 J - 9 scrolls of teleportation
 T - 3 scrolls of immolation
Potions
 g - a potion of mutation
 i - 8 potions of curing
 n - 2 potions of might
 t - 3 potions of brilliance
 A - 5 potions of haste
 B - 2 potions of lignification
 E - 4 potions of cancellation
 N - 3 potions of ambrosia
 P - a potion of magic
 Q - a potion of heal wounds
Miscellaneous
 e - 2 sacks of spiders
 j - a phial of floods
Comestibles
 f - 27 rations


   Skills:
 + Level 12.2(17.2) Fighting
 - Level 8.0(16.6) Short Blades
 - Level 13.2(19.0) Long Blades
 - Level 10.0(15.0) Crossbows
 - Level 2.3(7.3) Throwing
 - Level 5.0(10.0) Armour
 + Level 7.8(12.8) Dodging
 - Level 6.0(11.0) Stealth
 - Level 10.0(15.0) Shields
 - Level 4.0 Spellcasting
 - Level 9.0 Hexes
 - Level 6.0 Translocations
 - Level 10.0 Invocations
 + Level 7.3 Evocations


You had 3 spell levels left.
You knew the following spells:

 Your Spells              Type           Power        Failure   Level  Hunger
e - Cause Fear            Hex            ####......   6%          4    ####...
g - Passage of Golubria   Tloc           N/A          21%         4    ####...
j - Portal Projectile     Hex/Tloc       ####..       3%          3    ###....
l - Blink                 Tloc           N/A          3%          2    ##.....
n - Tukima's Dance        Hex            ####....     1%          3    ###....
s - Slow                  Hex            ####....     1%          2    ##.....
t - Confusing Touch       Hex            ####....     1%          3    ###....

Your spell library contained the following spells:

 Spells                   Type           Power        Failure   Level  Hunger
 Corona                   Hex            ####...      1%          1    None
 Ensorcelled Hibernation  Hex/Ice        ###...       6%          2    ##.....
 Gell's Gravitas          Tloc           ###.......   6%          3    ###....
 Lesser Beckoning         Tloc           ###.......   6%          3    ###....
 Teleport Other           Tloc           ###.....     6%          3    ###....
 Shroud of Golubria       Chrm/Tloc      ##....       11%         2    ##.....
 Dazzling Flash           Conj/Hex       ###...       12%         3    ###....
 Inner Flame              Hex/Fire       ###.....     12%         3    ###....
 Summon Guardian Golem    Hex/Summ       ###.....     12%         3    ###....
 Foxfire                  Conj/Fire      #...         24%         1    None
 Magic Dart               Conj           #...         24%         1    None
 Shock                    Conj/Air       #...         24%         1    None
 Summon Small Mammal      Summ           #...         24%         1    None
 Call Imp                 Summ           #.......     36%         2    ##.....
 Searing Ray              Conj           #.....       36%         2    ##.....
 Swiftness                Chrm/Air       #.......     36%         2    ##.....
 Call Canine Familiar     Summ           #.......     58%         3    ###....
 Conjure Flame            Conj/Fire      #.......     58%         3    ###....
 Ozocubu's Armour         Chrm/Ice       #.......     58%         3    ###....
 Static Discharge         Conj/Air       #.......     58%         3    ###....
 Fulminant Prism          Conj/Hex       ###.......   36%         4    ####...
 Leda's Liquefaction      Hex/Erth       ###.......   36%         4    ####...
 Iskenderun's Mystic Bla  Conj/Tloc      ##......     56%         4    ####...
 Metabolic Englaciation   Hex/Ice        ###.......   71%         5    ######.
 Yara's Violent Unravell  Hex/Tmut       ###.......   71%         5    ######.
 Airstrike                Air            #.........   94%         4    ####...
 Petrify                  Tmut/Erth      #.......     94%         4    ####...
 Sticky Flame             Conj/Fire      #.......     94%         4    ####...
 Summon Ice Beast         Ice/Summ       #.......     94%         4    ####...
 Summon Lightning Spire   Summ/Air       #.......     94%         4    ####...
 Fireball                 Conj/Fire      #.........   100%        5    ######.
 Lightning Bolt           Conj/Air       #.........   100%        5    ######.
 Deflect Missiles         Chrm/Air       #.........   100%        6    #######


Dungeon Overview and Level Annotations

Branches:
Dungeon (15/15)            Temple (1/1) D:7            Lair (6/6) D:10
 Shoals (4/4) Lair:3        Snake (4/4) Lair:2        Slime (2/5) Lair:6
    Orc (2/2) D:12            Elf (0/3) Orc:2         IceCv (visited)
 Vaults: D:13-14     Depths: D:15

Altars:
Ashenzari
Elyvilon
Gozag
Okawaru
Ru
Trog
Vehumet
Yredelemnul
Zin
Jiyva

Shops:
D:6 [   D:9 (   D:15 ?   Orc:1 }   Orc:2 }(((   Snake:4 ?%[

Annotations:
D:11 exclusion: obsidian statue
Shoals:2 Roxanne
Snake:4 Louise
Orc:1 1 runed translucent door, XanderDroid's ghost, journeyman GrEE


Innate Abilities, Weirdness & Mutations

You are resistant to torment.
Your stone body is resilient. (AC +12)
You are immune to poison.
Your large and strong wings let you fly indefinitely.
You resist negative energy. (rN+)
You are resistant to electric shocks. (rElec)
You can survive without breathing.
You are immune to petrification.
You are immune to rotting.


Message History

You are splashed with acid.
You resist. You block the slime creature's attack.
You slash the acid blob!
You feel better.
Your hands burn!
The acid blob is almost dead.
You block the slime creature's attack. The acid blob spits acid at you.
The splash of acid hits you but does no damage.
You are splashed with acid.
You resist.
You slash the acid blob!
You feel better.
Your hands burn!
The acid blob is almost dead.
The slime creature barely misses you.
The slime creature hits you but does no damage.
You hit the acid blob.
You feel better.
Your hands burn!
The acid blob is almost dead.
The acid blob hits you!!
You are splashed with acid.
You resist.
* * * LOW HITPOINT WARNING * * *
You block the slime creature's attack. x2; The slime creature hits you.
* * * LOW HITPOINT WARNING * * *
The eye of devastation gazes at you. The bolt of energy hits you!!
You die...

.................
...........#......
#..........#......
#.............#...
..................
#.................
..................
......JG..........
.......@J.........
....G#JJ..........
...#.G............
.>................#
...................
..................
..............#....
...............#...
..............#.#.


You could see an acid blob, 3 slime creatures, an eye of devastation and 2 eyes
of draining.

Vanquished Creatures
  Saint Roka (Snake:4)
  2 acid blobs (Slime:1)
  2 frost giants
  5 nagarajas
  Aizul (Snake:4)
  2 merfolk javelineers
  3 merfolk impalers
  4 hydras
  7 naga warriors
  4 ogre magi (Orc:2)
  A satyr (Shoals:2)
  8 death yaks
  An anaconda (Snake:3)
  3 merfolk avatars (Shoals:4)
  17 two-headed ogres
  An alligator snapping turtle (Shoals:2)
  2 merfolk aquamancers (Shoals:4)
  A tengu warrior (D:13)
  15 naga sharpshooters
  3 shock serpents
  3 salamander mystics
  An unseen horror (D:10)
  4 sea snakes
  8 naga ritualists
  4 harpies (Shoals:4)
  An orc knight (Orc:2)
  An orb spider (shapeshifter) (D:13)
  6 fauns (Shoals:2)
  A mana viper (Snake:1)
  An ugly thing (D:11)
  2 oklob plants (Lair:3)
  12 salamanders
  3 manticores
  A cyclops (Shoals:4)
  4 merfolk sirens
  A water nymph (Shoals:4)
  3 guardian serpents
  An ice statue (IceCv)
  A torpor snail (Lair:6)
  31 black mambas
  21 naga magi
  4 spiny frogs
  6 rime drakes
  A gargoyle (D:10)
  10 komodo dragons
  17 polar bears
  4 trolls
  A wind drake (Shoals:2)
  11 merfolk
  6 hippogriffs
  4 dream sheep (Lair:6)
  7 blink frogs
  5 hornets (Lair:6)
  Grinder (D:5)
  9 slime creatures (Slime:1)
  2 snapping turtles (Shoals:4)
  11 spriggans
  3 water elementals
  A shadow (D:13)
  52 yaks
  3 basilisks
  3 wraiths
  A wyvern (D:9)
  A dancing weapon (D:12)
  A warg (Snake:4)
  2 hungry ghosts (D:12)
  A soldier ant (D:13)
  47 nagas
  7 water moccasins
  6 porcupines
  Duvessa (D:4)
  3 ice beasts
  12 orc warriors
  4 black bears (Lair:6)
  A phantom (D:13)
  5 sky beasts
  22 ogres
  8 centaurs
  30 wolves
  4 boggarts (Lair:6)
  6 crocodiles
  A big kobold (D:9)
  11 bullfrogs
  Dowan (D:4)
  A troll zombie (D:12)
  A scorpion (D:13)
  21 killer bees
  An electric eel (Lair:3)
  4 wights (D:13)
  A howler monkey (D:6)
  2 vampire bats (Lair:5)
  3 crimson imps
  5 hounds
  3 jellies
  11 orc wizards
  A quasit (D:12)
  12 orc priests
  4 centaur skeletons
  11 worker ants
  5 iguanas
  2 hell rats (D:10)
  6 ogre zombies (D:12)
  3 worker ant zombies
  A howler monkey skeleton (D:6)
  7 adders
  An adder skeleton (D:4)
  A dart slug (D:2)
  5 leopard geckos
  43 orcs
  4 giant cockroaches
  A goblin (D:3)
  5 hobgoblins
  2 jackals (D:1)
  4 kobolds
  7 quokkas
  A ball python (D:3)
  11 bats
  A frilled lizard (D:3)
  3 goblin skeletons (D:12)
  A goblin zombie (D:12)
  A hobgoblin zombie (D:12)
  A leopard gecko skeleton (D:4)
  2 orc skeletons (D:12)
  13 orc zombies (D:12)
  A quokka zombie (D:6)
  10 rats
752 creatures vanquished.

Vanquished Creatures (collateral kills)
  A two-headed ogre (D:12)
  A merfolk siren (Lair:3)
  An orc warrior (Orc:1)
  2 ogres
  6 orcs
11 creatures vanquished.

Vanquished Creatures (others)
  A merfolk javelineer (Shoals:4)
  2 salamanders (Snake:2)
  A snapping turtle (Shoals:4)
  A yak (IceCv)
  12 dancing weapons
  3 wolves (IceCv)
  4 fungi
  12 plants
36 creatures vanquished.

Grand Total: 799 creatures vanquished

Notes
Turn   | Place    | Note
-------+----------+-------------------------------------------
     0 | D:1      | ipx the Gargoyle Arcane Marksman began the quest for the
                  | Orb.
     0 | D:1      | Reached XP level 1. HP: 12/12 MP: 2/2
    66 | D:1      | Reached XP level 2. HP: 16/16 MP: 0/3
   189 | D:2      | Reached XP level 3. HP: 21/21 MP: 1/4
   193 | D:2      | Learned a level 2 spell: Slow
   217 | D:2      | Reached skill level 1 in Evocations
   252 | D:2      | Reached XP level 4. HP: 26/26 MP: 2/5
   607 | D:4      | Noticed Duvessa
   615 | D:4      | Noticed Dowan
   624 | D:4      | Reached XP level 5. HP: 32/32 MP: 3/6
   634 | D:4      | Reached skill level 1 in Throwing
   769 | D:5      | Entered Level 5 of the Dungeon
   780 | D:4      | Killed Dowan
   791 | D:5      | Noticed Grinder
   798 | D:5      | Killed Grinder
   798 | D:5      | Reached XP level 6. HP: 38/38 MP: 6/8
   982 | D:5      | Noticed a sky beast
  1005 | D:5      | Killed a sky beast
  1005 | D:5      | Reached XP level 7. HP: 44/44 MP: 9/9
  1282 | D:4      | Killed Duvessa
  1394 | D:6      | Reached skill level 5 in Fighting
  1475 | D:6      | Found Xelaxan's Antique Armour Shoppe.
  1552 | D:6      | Reached skill level 5 in Crossbows
  1565 | D:6      | Found a basalt altar of Yredelemnul.
  1566 | D:6      | Found a radiant altar of Vehumet.
  1606 | D:6      | Reached XP level 8. HP: 44/49 MP: 6/10
  1718 | D:6      | Learned a level 3 spell: Confusing Touch
  1807 | D:7      | Found a staircase to the Ecumenical Temple.
  1815 | Temple   | Entered the Ecumenical Temple
  1821 | Temple   | Became a worshipper of Warmaster Okawaru
  1868 | D:7      | Found a shattered altar of Ashenzari.
  1887 | D:7      | Noticed a skeletal warrior
  1931 | D:8      | Noticed a hippogriff
  1944 | D:8      | Killed a hippogriff
  1944 | D:8      | Reached * piety under Okawaru
  1944 | D:8      | Reached skill level 1 in Short Blades
  1963 | D:8      | Reached skill level 5 in Hexes
  2099 | D:8      | Reached skill level 1 in Invocations
  2153 | D:8      | Noticed a two-headed ogre
  2176 | D:9      | Reached XP level 9. HP: 18/54 MP: 13/13
  2196 | D:9      | Reached skill level 1 in Stealth
  2555 | D:9      | Reached ** piety under Okawaru
  2585 | D:9      | HP: 1/54 [something (11)]
  2848 | D:8      | Found an opulent altar of Gozag.
  2892 | D:8      | Found a white marble altar of Elyvilon.
  2926 | D:8      | Learned a level 4 spell: Cause Fear
  2930 | D:8      | Learned a level 3 spell: Tukima's Dance
  2961 | D:10     | Entered Level 10 of the Dungeon
  3013 | D:10     | Reached skill level 5 in Invocations
  3013 | D:10     | Reached XP level 10. HP: 39/59 MP: 10/15
  3030 | D:9      | Reached *** piety under Okawaru
  3162 | D:7      | Noticed a skeletal warrior
  3283 | D:6      | Bought a distressingly furry ring mail for 297 gold pieces
  3293 | D:6      | Identified the +4 ring mail "Erir" {*Drain rF+++ Str+6}
                  | (You bought it in a shop on level 6 of the Dungeon)
  3396 | D:8      | Killed a two-headed ogre
  3476 | D:9      | Found Qapiq's Antique Weapon Shop.
  3698 | D:10     | Reached skill level 5 in Stealth
  3734 | D:10     | Reached **** piety under Okawaru
  3759 | D:10     | Received a gift from Okawaru
  3783 | D:10     | Noticed a two-headed ogre
  3860 | D:10     | Reached skill level 5 in Short Blades
  3944 | D:10     | Reached XP level 11. HP: 41/63 MP: 9/17
  4056 | D:10     | Reached ***** piety under Okawaru
  4056 | D:10     | Received a gift from Okawaru
  4074 | D:10     | Noticed a death yak
  4135 | D:11     | Noticed an obsidian statue
  4163 | D:11     | Noticed a cyan ugly thing
  4166 | D:11     | Noticed a two-headed ogre
  4183 | D:10     | Noticed an unseen horror
  4189 | D:10     | Killed an unseen horror
  4239 | D:10     | Noticed a death yak
  4256 | D:10     | Noticed a death yak
  4259 | D:10     | Killed a death yak
  4273 | D:10     | Killed a death yak
  4279 | D:10     | Killed a death yak
  4279 | D:10     | Received a gift from Okawaru
  4311 | D:10     | Found a staircase to the Lair.
  4405 | D:11     | Killed a two-headed ogre
  4502 | D:12     | Noticed a manticore
  4512 | D:12     | Killed a manticore
  4512 | D:12     | Received a gift from Okawaru
  4715 | D:12     | Noticed a two-headed ogre
  4801 | D:11     | Received a gift from Okawaru
  4865 | D:11     | Killed a red ugly thing
  5112 | D:13     | Noticed an orb spider
  5119 | D:13     | Killed an orb spider
  5119 | D:13     | Reached XP level 12. HP: 68/68 MP: 16/18
  5179 | D:12     | Got a faintly humming kite shield
  5185 | D:12     | Identified the +1 kite shield of Parlour Games {Regen+
                  | rCorr} (You found it on level 12 of the Dungeon)
  5201 | D:12     | Noticed a two-headed ogre
  5231 | D:12     | Killed a two-headed ogre
  5369 | D:12     | Reached skill level 1 in Shields
  5434 | D:12     | Found a staircase to the Orcish Mines.
  5472 | D:12     | Killed a two-headed ogre
  5726 | D:13     | Received a gift from Okawaru
  5770 | D:13     | Got a scorched flail
  5771 | D:13     | Identified the cursed +0 flail of Geiprig {protect, +Inv
                  | rPois Dex+2} (You found it on level 13 of the Dungeon)
  5777 | D:13     | Noticed a tengu warrior
  5798 | D:13     | Killed a tengu warrior
  5798 | D:13     | Reached skill level 1 in Long Blades
  5956 | D:14     | Found a frozen archway.
  5983 | IceCv    | Entered an ice cave
  6011 | IceCv    | Reached skill level 2 in Long Blades
  6174 | IceCv    | Received a gift from Okawaru
  6189 | IceCv    | Learned a level 2 spell: Blink
  6248 | IceCv    | Reached skill level 3 in Long Blades
  6420 | IceCv    | Reached skill level 4 in Long Blades
  6474 | IceCv    | Reached skill level 10 in Crossbows
  6551 | IceCv    | Noticed a death yak
  6578 | IceCv    | Killed a death yak
  6578 | IceCv    | Reached skill level 5 in Long Blades
  6582 | IceCv    | Reached XP level 13. HP: 72/72 MP: 19/19
  6586 | IceCv    | Reached skill level 5 in Shields
  6731 | IceCv    | Noticed a frost giant
  6817 | IceCv    | Killed a frost giant
  6817 | IceCv    | Reached skill level 6 in Long Blades
  6889 | IceCv    | Received a gift from Okawaru
  6912 | IceCv    | Found the ring of Robustness {AC+8}
  6922 | IceCv    | Identified the Grimoire of Lucky Malediction
  6973 | D:15     | Entered Level 15 of the Dungeon
  6994 | D:15     | Found Doujith's Magic Scroll Shop.
  6998 | D:15     | Bought 3 scrolls of teleportation for 135 gold pieces
  6998 | D:15     | Bought a scroll of random uselessness for 15 gold pieces
  6998 | D:15     | Bought a scroll of identify for 30 gold pieces
  6998 | D:15     | Bought a scroll of identify for 30 gold pieces
  7000 | D:15     | Bought a scroll of enchant weapon for 112 gold pieces
  7000 | D:15     | Bought a scroll of enchant armour for 112 gold pieces
  7015 | D:15     | Reached skill level 7 in Long Blades
  7241 | Lair:1   | Entered Level 1 of the Lair of Beasts
  7381 | Lair:3   | Reached skill level 1 in Translocations
  7468 | Lair:3   | Found a staircase to the Shoals.
  7588 | Lair:4   | Reached skill level 8 in Long Blades
  7596 | Lair:4   | Received a gift from Okawaru
  7991 | Lair:2   | Found a staircase to the Snake Pit.
  8007 | Lair:2   | Found a glowing silver altar of Zin.
  8260 | Lair:6   | Entered Level 6 of the Lair of Beasts
  8371 | Lair:6   | Reached skill level 9 in Long Blades
  8371 | Lair:6   | Gained mutation: Your large and strong wings let you fly
                  | indefinitely. [Gargoyle growth]
  8371 | Lair:6   | Reached XP level 14. HP: 66/79 MP: 10/20
  8700 | Lair:6   | Received a gift from Okawaru
  9122 | Lair:6   | Reached skill level 10 in Long Blades
  9792 | D:12     | Reached skill level 5 in Translocations
  9800 | Orc:1    | Entered Level 1 of the Orcish Mines
  9800 | Orc:1    | Found a runed translucent door.
  9809 | Orc:1    | Noticed XanderDroid's ghost (journeyman GrEE)
  9813 | Orc:2    | Entered Level 2 of the Orcish Mines
  9823 | Orc:2    | Learned a level 3 spell: Portal Projectile
  9888 | Orc:2    | Found a staircase to the Elven Halls.
 10216 | Orc:1    | Found Qiuv's Gadget Shop.
 10403 | Orc:2    | Received a gift from Okawaru
 10453 | Orc:2    | Received a gift from Okawaru
 10509 | Orc:2    | Received a gift from Okawaru
 10520 | Orc:2    | Got a smoking hand crossbow {god gift}
 10525 | Orc:2    | Identified the +9 hand crossbow "Ahats" {freeze, rC++ MR+
                  | Str-3 Int+4} (Okawaru gifted it to you on level 2 of the
                  | Orcish Mines)
 10556 | Orc:2    | Reached XP level 15. HP: 88/88 MP: 7/21
 10570 | Orc:2    | Reached skill level 11 in Long Blades
 10628 | Orc:2    | Found Dosobbuf's Antique Weapon Emporium.
 10628 | Orc:2    | Found Lanleqon's Gadget Boutique.
 10648 | Orc:2    | Reached ****** piety under Okawaru
 10669 | Orc:2    | Found Delav's Antique Weapon Shop.
 10669 | Orc:2    | Found Piulaz's Antique Weapon Emporium.
 10697 | Orc:2    | Bought a runed scimitar for 168 gold pieces
 10707 | Orc:2    | Bought a slimy short sword for 248 gold pieces
 10707 | Orc:2    | Identified the +8 short sword of the Heavens {venom, rPois
                  | Str+8 Int-2 Stlth+} (You bought it in a shop on level 2 of
                  | the Orcish Mines)
 10710 | Orc:2    | Bought an ancient hand crossbow for 280 gold pieces
 10710 | Orc:2    | Identified the +9 hand crossbow "Legaolu" {freeze, Str+3}
                  | (You bought it in a shop on level 2 of the Orcish Mines)
 10713 | Orc:2    | Bought a sack of spiders for 280 gold pieces
 10713 | Orc:2    | Bought a sack of spiders for 280 gold pieces
 10713 | Orc:2    | Bought a wand of digging (5) for 252 gold pieces
 10747 | D:12     | Learned a level 4 spell: Passage of Golubria
 10861 | Snake:1  | Entered Level 1 of the Snake Pit
 10897 | Snake:1  | Received a gift from Okawaru
 10922 | Snake:1  | Reached skill level 1 in Armour
 10997 | Snake:1  | Reached skill level 10 in Shields
 11404 | Snake:2  | Reached skill level 12 in Long Blades
 11551 | Snake:3  | Received a gift from Okawaru
 11632 | Snake:3  | Noticed a nagaraja
 11636 | Snake:3  | Killed a nagaraja
 11698 | Snake:3  | Received a gift from Okawaru
 11804 | Snake:4  | Entered Level 4 of the Snake Pit
 11804 | Snake:4  | Found the +9 heavy crossbow "Sniper" {vorpal, Acc+∞ SInv}
 11804 | Snake:4  | Noticed Louise
 12079 | Snake:3  | Reached XP level 16. HP: 97/97 MP: 22/22
 12170 | Snake:2  | Reached skill level 5 in Dodging
 12277 | Snake:4  | Reached skill level 5 in Armour
 12286 | Snake:4  | Reached skill level 10 in Fighting
 12353 | Snake:4  | Noticed Aizul
 12365 | Snake:4  | Killed Aizul
 12447 | Snake:4  | Noticed Saint Roka
 12506 | Snake:4  | Killed Saint Roka
 12506 | Snake:4  | Reached skill level 13 in Long Blades
 12714 | Snake:4  | Received a gift from Okawaru
 12770 | Snake:4  | Noticed a nagaraja
 12781 | Snake:4  | Killed a nagaraja
 12811 | Snake:4  | Received a gift from Okawaru
 12811 | Snake:4  | Reached skill level 5 in Evocations
 12812 | Snake:4  | Noticed a nagaraja
 12856 | Snake:4  | Killed a nagaraja
 12945 | Snake:4  | Noticed a nagaraja
 12971 | Snake:4  | Received a gift from Okawaru
 12985 | Snake:4  | Killed a nagaraja
 13009 | Snake:4  | Noticed a nagaraja
 13021 | Snake:4  | Killed a nagaraja
 13050 | Snake:4  | Received a gift from Okawaru
 13058 | Snake:4  | Got a serpentine rune of Zot
 13120 | Snake:4  | Found Qegicw's Antique Armour Shoppe.
 13120 | Snake:4  | Found Caonk's Food Emporium.
 13130 | Snake:4  | Found Laudoyrr's Magic Scroll Shoppe.
 13329 | Shoals:1 | Entered Level 1 of the Shoals
 13348 | Shoals:2 | Identified Roxanne's Volume of the Mountains
 13348 | Shoals:2 | Noticed Roxanne
 13401 | Shoals:2 | Reached XP level 17. HP: 94/104 MP: 23/23
 13731 | Shoals:4 | Entered Level 4 of the Shoals
 13873 | Shoals:4 | Received a gift from Okawaru
 13920 | Shoals:4 | Got a barnacled rune of Zot
 14066 | Shoals:4 | Received a gift from Okawaru
 14067 | Shoals:4 | Got an ancient scale mail {god gift}
 14096 | Shoals:4 | Identified the +6 dagger of the Vaults {antimagic, Str+6}
 14480 | Lair:6   | Reached skill level 10 in Invocations
 14487 | Lair:6   | Found a staircase to the Slime Pits.
 14488 | Lair:6   | Found a viscous altar of Jiyva.
 14496 | Slime:1  | Entered Level 1 of the Pits of Slime
 14574 | Slime:1  | Noticed an acid blob
 14579 | Slime:1  | Noticed an acid blob
 14588 | Slime:1  | Killed an acid blob
 14595 | Slime:1  | Killed an acid blob
 14612 | Slime:2  | Noticed an acid blob
 14651 | Slime:1  | Blown up by an eye of devastation

Levels and vault maps discovered:
D:1:      saegor_arrival_simple_c, layout_basic, serial_bayou_pond_d
D:2:      layout_basic, lemuel_doored_altar,
          chequers_ecumenical_altar_simple_redux, kennysheep_small_spiral
D:3:      layout_basic, kennysheep_generic_room_15
D:4:      layout_basic, uniq_duvessa
D:5:      layout_loops_ring, kennysheep_little_box, first_ration, serial_shops,
          shop, uniq_grinder
D:6:      layout_loops_corners, gammafunk_temple_overflow_pools, serial_shops,
          kennysheep_mini_moat
D:7:      layout_cave_pools, minmay_temple_entry_large_hall,
          cheibrodos_ashenzari_chains
D:8:      layout_loops_ring, tgw_sif, marbit_many_paths, kennysheep_mini,
          hangedman_ranch [blue_anna_fruit_fields]
D:9:      layout_loops_ring, serial_shops, shop, serial_bayou_pond_d
D:10:     layout_stronghold, dpeg_lair_monsters, chequers_arboretum
D:11:     layout_basic, minmay_protected_statue
D:12:     layout_gridville, zombieorc2_lemuel
D:13:     layout_cross
D:14:     layout_basic, lightli_vaults_fourway_checkpoint,
          infiniplex_staircase_trident, portal_ice_cave_rime
D:15:     grunt_enter_depths_magical_seal, layout_small_grid, serial_shops,
          nicolae_shop_trees, abandoned_shop, uniq_kirke, uniq_nessos
Temple:   eino_wide_crystal_templ
Lair:1:   layout_loops_ring
Lair:2:   layout_regular_city, guppyfry_snake_entry_island, basic_altar
Lair:3:   dpeg_oklob_shooting_range, layout_long_grid, elwin_shoals_entry_rooms,
          serial_bayou_shore_b, infiniplex_staircase_pool
Lair:4:   layout_gridlike, special_room [special_room_bee], patterned_corridor,
          grunt_megastairs_3
Lair:5:   layout_small_grid, chequers_serial_rivers_small_3, roderic_batcave,
          st_stairs_13
Lair:6:   minmay_lair_end_enchanted_forest, layout_regular_city, slime_altar_1,
          uniq_urug
Shoals:1: layout_shoals
Shoals:2: layout_shoals, uniq_roxanne
Shoals:3: cheibrodos_shoals_three_sisters, layout_shoals,
          nicolae_shoals_drake_roost, uniq_ilsuiw
Shoals:4: shoals_end_grunt_ice, layout_shoals, shoals_ilsuiw_alternative,
          uniq_polyphemus
Snake:1:  layout_rooms, nrook_guardian_serpent_double
Snake:2:  layout_onion, minmay_shop_grove, grunt_megastairs_1, lemuel_fruit_tree
Snake:3:  layout_layer_cave
Snake:4:  snake_pit, layout_cave_pods, grunt_ministairs_10, minmay_shop_star,
          uniq_saint_roka, uniq_aizul, uniq_louise
Slime:1:  layout_caves, nicolae_slime_phagocytosis
Slime:2:  layout_caves
Orc:1:    layout_caves, ebering_ghost_inner_flame, serial_shops,
          nicolae_shop_crystal, basic_altar
Orc:2:    st_orc_ogre_mass, layout_caves, serial_shops,
          nicolae_shop_competitors_out_of_business

Skill      XL: |  1  2  3  4  5  6  7  8  9 10 11 12 13 14 15 16 17 |
---------------+----------------------------------------------------+-----
Hexes          | 3 4 5 6 7 8 9 |  9.0
Fighting       | 2 3 4 5 8 9 11 12 | 12.2
Evocations     | 1 2 3 5 7 |  7.3
Crossbows      | 3 4 5 6 7 9 10 | 10.0
Throwing       | 2 |  2.3
Short Blades   | 2 3 5 7 8 |  8.0
Spellcasting   | 2 3 4 |  4.0
Invocations    | 1 5 6 8 10 | 10.0
Stealth        | 3 6 |  6.0
Dodging        | 2 3 4 6 7 |  7.8
Shields        | 4 7 9 10 | 10.0
Long Blades    | 5 9 10 12 13 | 13.2
Translocations | 3 5 6 |  6.0
Armour         | 4 5 |  5.0

Action                   |  1- 3 |  4- 6 |  7- 9 | 10-12 | 13-15 | 16-18 || total
-------------------------+-------+-------+-------+-------+-------+-------++-------
Melee: Spear             |       |    62 |   108 |       |       |       ||   170
       Short sword       |       |       |   158 |   713 |   112 |     2 ||   985
       Punch             |       |       |     1 |     4 |       |       ||     5
       Scimitar          |       |       |       |   127 |  1299 |   876 ||  2302
       Falchion          |       |       |       |       |   178 |       ||   178
       Quick blade       |       |       |       |       |       |     4 ||     4
 Fire: Hand crossbow     |    25 |    30 |    78 |   187 |   165 |   129 ||   614
       Arbalest          |       |       |       |     2 |       |       ||     2
Throw: Dart              |       |    23 |    38 |    77 |    67 |     8 ||   213
 Cast: Corona            |    13 |    25 |    20 |     6 |       |       ||    64
       Slow              |       |     3 |    18 |    24 |     2 |     2 ||    49
       Confusing Touch   |       |       |    12 |    58 |    11 |       ||    81
       Tukima's Dance    |       |       |       |    15 |    24 |     6 ||    45
       Cause Fear        |       |       |       |     1 |       |       ||     1
       Blink             |       |       |       |       |     1 |     1 ||     2
       Portal Projectile |       |       |       |       |     1 |       ||     1
Invok: Heroism           |       |       |     5 |    20 |    29 |    19 ||    73
       Finesse           |       |       |       |     1 |     1 |     2 ||     4
 Abil: Fly               |       |       |       |       |       |     2 ||     2
       Stop Flying       |       |       |       |       |       |     1 ||     1
Evoke: Wand              |       |     5 |    18 |     9 |     5 |     6 ||    43
  Use: Scroll            |       |     4 |     8 |     6 |    14 |     6 ||    38
       Potion            |       |       |     5 |       |     3 |     2 ||    10
 Stab: Paralysed         |       |     9 |    17 |       |       |       ||    26
       Sleeping          |       |     1 |       |     2 |     4 |     5 ||    12
       Confused          |       |       |     4 |    56 |    11 |       ||    71
       Distracted        |       |       |       |       |     2 |       ||     2
  Eat: Ration            |       |     1 |     1 |     2 |     1 |     4 ||     9
       Chunk             |       |       |     6 |    16 |    20 |     1 ||    43
Armor: Robe              |     2 |    28 |       |       |       |       ||    30
       Ring mail         |       |       |   140 |   330 |   676 |   281 ||  1427
Dodge: Dodged            |     4 |    43 |   155 |   346 |   602 |   341 ||  1491
       Deflected         |       |       |       |       |       |    28 ||    28
Block: Kite shield       |       |       |       |   206 |  1030 |   418 ||  1654
       Rpst.: Scimitar   |       |       |       |    17 |   117 |    75 ||   209
       Falchion          |       |       |       |       |    11 |       ||    11

Table legend:
 A = Non-vault XP
 B = Vault XP
 C = Vault XP percentage of total XP
 D = Non-vault monster count
 E = Vault monster count
 F = Vault count percentage of total count
                 A         B        C        D         E       F
            +---------+---------+-------+---------+---------+-------
      Total |  115671 |  102351 |  46.9 |     474 |     294 |  38.3
            +---------+---------+-------+---------+---------+-------
        D:1 |      20 |       0 |   0.0 |      12 |       0 |   0.0
        D:2 |      80 |       0 |   0.0 |      10 |       0 |   0.0
        D:3 |      56 |       1 |   1.8 |      15 |       1 |   6.2
        D:4 |     190 |     211 |  52.6 |      14 |       2 |  12.5
        D:5 |     161 |     262 |  61.9 |       2 |       1 |  33.3
        D:6 |     706 |       0 |   0.0 |      17 |       0 |   0.0
        D:7 |      73 |       0 |   0.0 |       4 |       0 |   0.0
        D:8 |    2800 |      37 |   1.3 |      25 |       1 |   3.8
        D:9 |    1833 |       0 |   0.0 |      33 |       0 |   0.0
       D:10 |    4976 |    3111 |  38.5 |      30 |      11 |  26.8
       D:11 |    1909 |       0 |   0.0 |      16 |       0 |   0.0
       D:12 |    3911 |     616 |  13.6 |      31 |      30 |  49.2
       D:13 |    2845 |       0 |   0.0 |      16 |       0 |   0.0
       D:14 |      33 |     801 |  96.0 |       1 |       2 |  66.7
       D:15 |     424 |       0 |   0.0 |       1 |       0 |   0.0
     Lair:1 |    1207 |       0 |   0.0 |       6 |       0 |   0.0
     Lair:2 |    2183 |     322 |  12.9 |      11 |       2 |  15.4
     Lair:3 |    3092 |    2827 |  47.8 |      15 |       6 |  28.6
     Lair:4 |    2775 |    1041 |  27.3 |       8 |       4 |  33.3
     Lair:5 |    1679 |     743 |  30.7 |       6 |      11 |  64.7
     Lair:6 |   11906 |    7138 |  37.5 |      29 |      42 |  59.2
   Shoals:1 |     751 |       0 |   0.0 |       1 |       0 |   0.0
   Shoals:2 |    7603 |       0 |   0.0 |      15 |       0 |   0.0
   Shoals:3 |    1883 |    1890 |  50.1 |       3 |       2 |  40.0
   Shoals:4 |    7958 |    9797 |  55.2 |      16 |      14 |  46.7
    Snake:1 |   12188 |     882 |   6.7 |      30 |       2 |   6.2
    Snake:2 |   15174 |    2840 |  15.8 |      39 |       5 |  11.4
    Snake:3 |   10056 |       0 |   0.0 |      20 |       0 |   0.0
    Snake:4 |    8920 |   36075 |  80.2 |      15 |      60 |  80.0
    Slime:1 |    6433 |     801 |  11.1 |       8 |       3 |  27.3
      Orc:1 |     452 |       0 |   0.0 |       9 |       0 |   0.0
      Orc:2 |    1394 |   18703 |  93.1 |      16 |      39 |  70.9
      IceCv |       0 |   14253 | 100.0 |       0 |      56 | 100.0
            +---------+---------+-------+---------+---------+-------
